 Dungeon Crawl Stone Soup version 0.25-a0-294-gea9b1ad378 (webtiles) character file.

Game seed: 13256671415717825769, levelgen mode: deterministic

3125 mopl the Ducker (level 9, -8/54 HPs)
             Began as a Spriggan Transmuter on Dec 16, 2019.
             Was an Initiate of Cheibriados.
             Mangled by a hornet (16 damage)
             ... on level 8 of the Dungeon.
             The game lasted 00:20:20 (8087 turns).

mopl the Ducker (Spriggan Transmuter)               Turns: 8087, Time: 00:20:21

Health: -8/54      AC:  6    Str: 10    XL:     9   Next: 61%
Magic:  14/19      EV: 15    Int: 15    God:    Cheibriados [......]
Gold:   472        SH:  0    Dex: 18    Spells: 5/20 levels left

rFire    x . .     SeeInvis +     - Unarmed
rCold    + + +     Gourm    .   (shield currently unavailable)
rNeg     + . .     Faith    .   (armour currently unavailable)
rPois    +         Spirit   .   (helmet currently unavailable)
rElec    .         Reflect  .   (cloak currently unavailable)
rCorr    .         Harm     .   (gloves unavailable)
MR       +....                  (boots unavailable)
Stlth    +++.......             (no amulet)
HPRegen  0.18/turn              l - ring of positive energy
MPRegen  0.16/turn              v - ring of stealth

@: ice-form, very slow
A: large, unfitting armour, see invisible, herbivore, slow metabolism 2
a: End Transformation, Bend Time, Renounce Religion


You were on level 8 of the Dungeon.
You worshipped Cheibriados.
Cheibriados was noncommittal.
You were not hungry.
You were a creature of crystalline ice.
You visited 2 branches of the dungeon, and saw 9 of its levels.

You collected 472 gold pieces.

Inventory:

Hand Weapons
 x - the +8 spear "Ypua" {pierce, *Slow rF+ rN+ Int+7}
   (You took it off a crimson imp on level 6 of the Dungeon)

   It inflicts extra damage upon your enemies.
   It affects your intelligence (+7).
   It protects you from fire.
   It protects you from negative energy.
   It may slow you when you take damage.
Missiles
 a - 123 arrows
 d - 4 curare-tipped darts
 r - 7 boomerangs
 s - 11 poisoned darts (quivered)
Armour
 b - a +0 robe
 i - a +0 cloak (melded)
 p - a +0 troll leather armour (melded)
 B - a cursed +0 buckler
Jewellery
 h - an uncursed ring of ice
 l - a ring of positive energy (left front paw)
 v - a ring of stealth (right front paw)
Wands
 n - a wand of acid (6)
 t - a wand of flame (19)
 G - a wand of iceblast (5)
Scrolls
 e - 2 scrolls of immolation
 g - 4 scrolls of amnesia
 j - 6 scrolls of remove curse {unknown}
 m - a scroll of fear {unknown}
 o - a scroll of teleportation {unknown}
 u - 6 scrolls of enchant armour {unknown}
 w - 2 scrolls of enchant weapon {unknown}
 y - a scroll of blinking {unknown}
 C - a scroll of summoning {unknown}
Potions
 f - a potion of magic
 k - 4 potions of flight
 q - 3 potions of curing
 z - a potion of heal wounds
 A - a potion of might
 D - a potion of ambrosia
 E - a potion of lignification {!q}
 F - a potion of haste {unknown}
Comestibles
 c - 7 rations


   Skills:
 + Level 4.1 Fighting
 + Level 7.8 Dodging
 * Level 6.9 Unarmed Combat
 + Level 6.2 Spellcasting
 + Level 7.5 Transmutations
 - Level 3.0 Ice Magic
 + Level 1.7 Invocations


You had 5 spell levels left.
You knew the following spells:

 Your Spells              Type           Power        Failure   Level  Hunger
a - Beastly Appendage     Tmut           ####..       1%          1    None
b - Spider Form           Tmut/Pois      ###.......   9%          3    ##.....
c - Blade Hands           Tmut           ####......   19%         5    ######.
d - Ice Form              Ice/Tmut       ###.....     16%         4    ####...
w - Sticks to Snakes      Tmut           ####....     1%          2    #......

Your spell library contained the following spells:

 Spells                   Type           Power        Failure   Level  Hunger


Dungeon Overview and Level Annotations

Branches:
Dungeon (8/15)             Temple (1/1) D:6
   Lair: D:8-11

Altars:
Ashenzari
Cheibriados
Elyvilon
Fedhas
Gozag
Hepliaklqana
Kikubaaqudgha
Makhleb
Nemelex Xobeh
Okawaru
Ru
Trog
Uskayaw
Wu Jian
Xom
Yredelemnul
Zin
The Shining One

Shops:
D:6 (

Annotations:
D:1 fly


Innate Abilities, Weirdness & Mutations

You are very small and have problems with some larger weapons.
You are too small for most types of armour.
You have supernaturally acute eyesight. (SInv)
You are a herbivore.
((You cover ground extremely quickly.))
You need to consume almost no food.


Message History

Your adder is poisoned.
Your adder seems to slow down.
Your ball python bites the hornet.
Your ball python constricts the hornet.
Your adder bites the hornet but does no damage.
You can move again.
You feel better. The hornet stings your adder!
Your adder dies!
Your ball python barely misses the hornet.
Your ball python constricts the hornet.
The hornet stings your ball python!
Your ball python dies!
The hornet buzzes angrily.
You barely miss the hornet.
The hornet is severely wounded.
The hornet closely misses you.
You hit the hornet but do no damage.
The hornet is severely wounded.
The hornet closely misses you.
You punch the hornet! You freeze the hornet.
The hornet is almost dead.
The hornet closely misses you. The hornet stings you!
You die...

#.......###...##### ###
##.#######......# ..# #.#
#....#.# #.##### ##### #.#
#....#(# ......# #)..###.#
#.#### # ..###.#
##.......#######.#
....#.###..#..##.......#..
.##.......###.##.#...#.#.#
.####.###..#..#.Y......#.#
......# ##...##.y........
####### #####........#.
##>#...#.# #.......#
#.####### #.# #.#


You could see a hornet.

Vanquished Creatures
  Joseph (D:7)
  A troll (D:6)
  Eustachio (D:4)
  A black bear (D:8)
  An orc warrior (D:7)
  An ice beast (D:7)
  A sky beast (D:5)
  3 ogres
  A centaur (D:6)
  3 bullfrogs
  A wyvern zombie (D:7)
  A scorpion (D:4)
  A water moccasin skeleton (D:6)
  3 wights (D:8)
  2 howler monkeys (D:7)
  5 crimson imps
  2 bullfrog skeletons
  A jelly (D:7)
  A quasit (D:7)
  3 hounds
  2 orc priests
  An iron imp (D:7)
  6 orc wizards
  Crazy Yiuf (D:6)
  2 iguanas (D:4)
  4 worker ants
  Ijyb (D:4)
  A hound skeleton (D:7)
  3 adders
  3 gnolls
  A howler monkey skeleton (D:5)
  3 shadow imps
  2 adder skeletons
  4 worms
  A dart slug (D:1)
  4 leopard geckos
  15 orcs
  5 bats
  A giant cockroach (D:5)
  7 goblins
  6 hobgoblins
  2 quokkas
  2 ball pythons
  5 frilled lizards
  10 kobolds
  A leopard gecko skeleton (D:6)
  5 rats
132 creatures vanquished.

Vanquished Creatures (collateral kills)
  An ogre (D:5)
  A phantom (D:4)
  2 howler monkeys
  A bullfrog skeleton (D:4)
  2 jellies
  An iguana (D:4)
  2 gnolls (D:4)
  3 adders
  An adder skeleton (D:7)
  2 worms (D:2)
  3 orcs (D:4)
  A goblin (D:2)
  A rat (D:2)
21 creatures vanquished.

Grand Total: 153 creatures vanquished

Notes
Turn   | Place    | Note
-------+----------+-------------------------------------------
     0 | D:1      | mopl the Spriggan Transmuter began the quest for the Orb.
     0 | D:1      | Reached XP level 1. HP: 9/9 MP: 5/5
    63 | D:1      | Reached skill level 3 in Spellcasting
    63 | D:1      | Reached skill level 3 in Transmutations
    63 | D:1      | Reached XP level 2. HP: 14/14 MP: 7/7
    74 | D:1      | Learned a level 2 spell: Sticks to Snakes
   303 | D:1      | Reached skill level 3 in Unarmed Combat
   303 | D:1      | Reached XP level 3. HP: 12/17 MP: 6/8
   316 | D:1      | Learned a level 3 spell: Spider Form
   580 | D:1      | You fall into a shaft and drop 1 floor!
  1549 | D:2      | Reached XP level 4. HP: 11/21 MP: 3/10
  1562 | D:2      | Learned a level 4 spell: Ice Form
  1732 | D:2      | Found a glowing golden altar of the Shining One.
  1805 | D:2      | Found an ancient bone altar of Kikubaaqudgha.
  2478 | D:4      | Noticed an ogre
  2500 | D:4      | Noticed Eustachio
  2520 | D:4      | Noticed Ijyb
  2548 | D:4      | Reached skill level 1 in Fighting
  2552 | D:4      | Reached XP level 5. HP: 8/25 MP: 2/11
  2564 | D:4      | Reached skill level 4 in Transmutations
  2567 | D:4      | Paralysed by Ijyb for 2 turns
  2575 | D:4      | Killed Ijyb
  2784 | D:4      | Reached skill level 4 in Spellcasting
  2784 | D:4      | Reached skill level 1 in Ice Magic
  2888 | D:4      | Reached skill level 4 in Unarmed Combat
  2896 | D:4      | Noticed a phantom
  3158 | D:4      | Reached XP level 6. HP: 18/30 MP: 10/13
  3298 | D:4      | Killed Eustachio
  3298 | D:4      | Reached skill level 4 in Dodging
  3861 | D:4      | Found a hide-covered altar of Uskayaw.
  4024 | D:4      | Reached XP level 7. HP: 34/34 MP: 1/14
  4048 | D:4      | Reached skill level 2 in Fighting
  4500 | D:4      | Reached skill level 5 in Transmutations
  4500 | D:4      | Reached skill level 2 in Ice Magic
  4747 | D:5      | Entered Level 5 of the Dungeon
  4853 | D:5      | Found a glowing silver altar of Zin.
  4974 | D:5      | Reached skill level 5 in Dodging
  4974 | D:5      | Reached skill level 5 in Spellcasting
  5209 | D:5      | Reached skill level 5 in Unarmed Combat
  5326 | D:5      | Reached XP level 8. HP: 9/39 MP: 9/16
  5613 | D:5      | Found a hazy altar of Hepliaklqana.
  5788 | D:6      | Learned a level 5 spell: Blade Hands
  5870 | D:6      | Found an ornate altar of the Wu Jian Council.
  5879 | D:6      | Identified the +8 spear "Ypua" {pierce, *Slow rF+ rN+
                  | Int+7}
  5913 | D:6      | Found a staircase to the Ecumenical Temple.
  5928 | Temple   | Entered the Ecumenical Temple
  6025 | D:6      | Noticed a troll
  6037 | D:6      | Killed a troll
  6037 | D:6      | Reached skill level 6 in Dodging
  6040 | D:6      | Reached skill level 6 in Transmutations
  6180 | D:6      | Found a runed translucent door.
  6181 | D:6      | Noticed Crazy Yiuf
  6190 | D:6      | Killed Crazy Yiuf
  6190 | D:6      | Reached skill level 3 in Fighting
  6235 | D:6      | Found Iloofan's Antique Weapon Boutique.
  6347 | D:6      | Reached skill level 3 in Ice Magic
  6631 | D:7      | Noticed Joseph
  6650 | D:7      | Reached skill level 6 in Spellcasting
  6679 | D:7      | Reached skill level 6 in Unarmed Combat
  6816 | D:7      | Killed Joseph
  6816 | D:7      | Reached XP level 9. HP: 32/44 MP: 9/19
  6941 | D:7      | Found a snail-covered altar of Cheibriados.
  6948 | D:7      | Reached skill level 7 in Dodging
  6972 | D:7      | Became a worshipper of Cheibriados the Contemplative
  6982 | D:7      | Reached skill level 7 in Transmutations
  7257 | D:7      | Reached skill level 1 in Invocations
  7777 | D:8      | Reached skill level 4 in Fighting
  7902 | D:8      | Found a shattered altar of Ashenzari.
  8078 | D:8      | Paralysed by a hornet for 1 turns
  8080 | D:8      | Paralysed by a hornet for 3 turns
  8087 | D:8      | Mangled by a hornet

Levels and vault maps discovered:
D:1:      dpeg_arrival_lava_altar, layout_basic, minivault_27
D:2:      layout_rooms, kiku_gazebo_pond_becter, tso_oasis_becter, first_ration
D:3:      layout_loops_ring
D:4:      layout_layer_cave, eat_drink_and_be_merry_uskayaw, uniq_eustachio,
          uniq_ijyb
D:5:      layout_basic, lemuel_doored_altar, lemuel_round_altar
D:6:      layout_loops_ring, kennysheep_little_box, minmay_temple_entry_wispy,
          serial_shops, shop_fountains, uniq_crazy_yiuf_cottage
D:7:      layout_loops_corners, slow_altar_1, nicolae_overflow_hidden_temple,
          uniq_joseph
D:8:      layout_loops_cross, cheibrodos_ashenzari_chains, serial_shops,
          nicolae_shop_behind_doors
Temple:   compressed_dpeg_circular_temple

Skill      XL: |  1  2  3  4  5  6  7  8  9 |
---------------+----------------------------+-----
Spellcasting   | 3 4 5 6 |  6.2
Transmutations | 3 4 5 6 7 |  7.5
Unarmed Combat | 3 4 5 6 |  6.9
Fighting       | 1 2 3 4 |  4.1
Ice Magic      | 1 2 3 |  3.0
Dodging        | 4 5 6 7 |  7.8
Invocations    | 1 |  1.7

Action                   |  1- 3 |  4- 6 |  7- 9 || total
-------------------------+-------+-------+-------++-------
Melee: Unarmed           |   105 |   118 |   338 ||   561
       Headbutt          |     6 |     2 |    12 ||    20
       Kick              |    10 |     3 |     9 ||    22
       Punch             |       |     1 |     3 ||     4
Throw: Dart              |     7 |     2 |     9 ||    18
 Cast: Beastly Appendage |    20 |    14 |    13 ||    47
       Sticks to Snakes  |     4 |    29 |    25 ||    58
       Spider Form       |     3 |    10 |    21 ||    34
       Ice Form          |       |       |     3 ||     3
 Abil: End Transformatio |       |       |     2 ||     2
Evoke: Wand              |       |       |     1 ||     1
  Use: Scroll            |     1 |     4 |     5 ||    10
       Potion            |       |       |     3 ||     3
 Stab: Distracted        |       |     1 |     1 ||     2
       Sleeping          |       |       |     7 ||     7
       Paralysed         |       |       |     6 ||     6
  Eat: Ration            |       |     2 |     4 ||     6
Armor: Robe              |    13 |     3 |     1 ||    17
       Skin              |       |     3 |     4 ||     7
       Troll leather arm |       |       |    13 ||    13
Dodge: Dodged            |   100 |   106 |   269 ||   475

Table legend:
 A = Non-vault XP
 B = Vault XP
 C = Vault XP percentage of total XP
 D = Non-vault monster count
 E = Vault monster count
 F = Vault count percentage of total count
                 A         B        C        D         E       F
            +---------+---------+-------+---------+---------+-------
      Total |    3784 |     681 |  15.3 |     148 |       5 |   3.3
            +---------+---------+-------+---------+---------+-------
        D:1 |      64 |       0 |   0.0 |      22 |       0 |   0.0
        D:2 |      51 |       0 |   0.0 |      23 |       0 |   0.0
        D:3 |      21 |       0 |   0.0 |       6 |       0 |   0.0
        D:4 |     665 |     213 |  24.3 |      28 |       2 |   6.7
        D:5 |     470 |       0 |   0.0 |      13 |       0 |   0.0
        D:6 |     769 |      39 |   4.8 |      17 |       1 |   5.6
        D:7 |    1187 |     429 |  26.5 |      30 |       2 |   6.2
        D:8 |     557 |       0 |   0.0 |       9 |       0 |   0.0
            +---------+---------+-------+---------+---------+-------
